Description

Reactor double reaper FE into 3 rax marine pressure with stim and +1 weapons at 4:30 move out

Replay - Simulacrum LE (87)

Build Order

Get SALT Encoding   

  12  0:00  SCV  
  13  0:13  SCV  
  14  0:20  Supply Depot  
  14  0:25  SCV  
  15  0:42  SCV  
  16  0:44  Barracks  
  16  0:45  Refinery  
  16  0:54  SCV  
  17  1:06  SCV  
  18  1:18  SCV  
  19  1:30  Barracks Reactor  
  19  1:31  Orbital Command  
  19  1:40  Command Center  
  19  1:50  Supply Depot  
  19  1:56  SCV  
  20  2:08  Reaper x2  
  22  2:09  SCV  
  22  2:11  Barracks  
  23  2:21  SCV  
  23  2:22  Engineering Bay  
  25  2:39  Marine x2  
  27  2:50  Terran Infantry Weapons Level 1, Barracks  
  28  2:53  Orbital Command  
  28  2:58  Marine x2, Barracks Tech Lab  
  30  3:16  Marine  
  30  3:22  Marine x2  
  31  3:28  Stimpack  
  33  3:34  Marine  
  33  3:35  Missile Turret x2  
  33  3:39  Marine x2  
  39  3:50  Supply Depot  
  44  4:07  Refinery x2  
  46  4:15  Factory  
  48  4:20  Supply Depot  
  52  4:25  Barracks Tech Lab  
  52  4:38  Supply Depot  
  54  4:44  Terran Infantry Armor Level 1  
  55  4:47  Refinery  
  57  4:55  Combat Shield  
Spawning Tool Build Advisor. Get it on Overwolf

Go to:

Details

  • Created by: SH4PE
  • Published on: Jun 26, 2021
  • Modified on: Jun 26, 2021
  • Patch: 4.11.0
  • Difficulty: Medium
Show
View Real Time Build Order
Export as new Build Order

Comments (0)

There are no comments. Be the first!

Create an account to comment!